 Dungeon Crawl Stone Soup version 0.21-a0-225-g207ae17 (webtiles) character file.

25113 Moloch the Spear-Bearer (level 12, -5/95 HPs)
             Began as a Mummy Fighter on Aug 28, 2017.
             Was an Elder of Ru.
             Slain by a spiny frog (6 damage)
             ... on level 2 of the Lair of Beasts.
             The game lasted 00:38:54 (20673 turns).

Moloch the Spear-Bearer (Mummy Fighter)            Turns: 20673, Time: 00:38:54

Health: -5/95      AC: 16    Str: 21    XL:     12   Next: 86%
Magic:  16/16      EV:  5    Int:  9    God:    Ru [****..]
Gold:   834        SH:  9    Dex: 15    Spells: 11/11 levels left

rFire    + . .     SeeInvis .   a - +0 trident
rCold    + . .     Gourm    .   c - +0 shield
rNeg     + + +     Faith    .   x - +2 chain mail {rF+}
rPois    ∞         Spirit   .   u - +2 hat
rElec    .         Reflect  .   (no cloak)
rCorr    .         Harm     .   y - +0 pair of gloves (curse)
MR       +....                  B - +2 pair of boots
Stlth    ..........             (no amulet)
HPRegen  0.25/turn              h - ring of protection from fire
MPRegen  0.15/turn              m - +2 ring of strength

@: no scrolls
A: no food or potions, fire vulnerability, cold resistance 1, negative energy
resistance 3, torment resistance, unbreathing, inability to read while
threatened, no charms magic, no ice magic, no transmutations magic, unskilled 1
a: Draw Out Power, Power Leap, Renounce Religion


You were on level 2 of the Lair of Beasts.
You worshipped Ru.
Ru was greatly pleased with you.
You were not hungry.

You visited 3 branches of the dungeon, and saw 16 of its levels.

You collected 834 gold pieces.

Inventory:

Hand Weapons
 a - a +0 trident (weapon)
 z - a +2 glaive of protection
 A - the +8 whip "Qougoy" {speed, rElec}
   (You took it off an orc warrior on level 8 of the Dungeon)

   Attacks with this weapon are significantly faster.
   It insulates you from electricity.
Missiles
 i - 25 tomahawks (quivered)
 o - a throwing net
Armour
 b - a +3 plate armour
 c - a +0 shield (worn)
 q - a +1 ring mail of cold resistance
 u - a +2 hat (worn)
 x - a +2 chain mail of fire resistance (worn)
 y - a cursed +0 pair of gloves (worn)
 B - a +2 pair of boots (worn)
Jewellery
 h - a ring of protection from fire (left hand)
 m - a +2 ring of strength (right hand)
Wands
 d - a wand of iceblast (9/15)
 s - a wand of paralysis (0/24)
 t - a wand of iceblast (9/15)
 w - a wand of acid (4/15)
 F - a wand of scattershot (2/9)
 G - a wand of disintegration (16/24)
Scrolls
 e - 4 scrolls of enchant weapon {unknown}
 f - 12 scrolls of remove curse
 g - 5 scrolls of recharging
 j - 2 scrolls of blinking {unknown}
 k - 2 scrolls of immolation {unknown}
 l - 4 scrolls of teleportation {unknown}
 n - 5 scrolls of amnesia
 p - 2 scrolls of fear
 r - a scroll of magic mapping
 v - 4 scrolls of enchant armour
 C - a scroll of identify
 D - a scroll of random uselessness {unknown}
Miscellaneous
 E - a box of beasts


   Skills:
 + Level 9.2 Fighting
 + Level 13.7 Polearms
 - Level 2.1 Armour
 - Level 2.1 Shields
 - Level 5.7 Evocations


You had 11 spell levels left.
You didn't know any spells.

Dungeon Overview and Level Annotations

Branches:
Dungeon (12/15)            Temple (1/1) D:7            Lair (3/6) D:8
 Shoals (0/4) Lair:2
  Snake: Lair:2-4    Spider: Lair:2-4       Orc: D:9-12

Altars:
Dithmenos
Fedhas
Gozag
Kikubaaqudgha
Makhleb
Okawaru
Ru
Sif Muna
Trog
Uskayaw
Vehumet
Wu Jian
Xom
Yredelemnul
Zin
The Shining One
Beogh

Shops:
D:5 (

Annotations:
D:5 Prince Ribbit


Innate Abilities, Weirdness & Mutations

You do not eat or drink.
Your flesh is vulnerable to fire.
You are immune to poison.
Your flesh is cold resistant. (rC+)
You are immune to negative energy. (rN+++)
You are immune to unholy pain and torment.
You can survive without breathing.
You cannot read scrolls while threatened.
You cannot study or cast Charms magic.
You cannot study or cast Ice magic.
You cannot study or cast Transmutations magic.
You are somewhat unskilled. (-1 Apt)


Message History

This wand has 0 charges left.
The spiny frog stings you!
* * * LOW HITPOINT WARNING * * *
The blink frog begins to attack, but is stunned by your will!
Okay, then.
Evoke which item? (* to show all) (? for menu, Esc to quit)
Aiming: Corrosive Bolt
Press: ? - help, Shift-Dir - straight line, f/p - spiny frog
Aim: a spiny frog (lightly wounded)
The bolt of acid misses the spiny frog.
This wand has 4 charges left.
The blink frog hits you.
* * * LOW HITPOINT WARNING * * *
You focus your will and blind the blink frog in retribution!
The spiny frog stings you but does no damage.
Unknown command.
Okay, then.
The blink frog begins to attack, but is stunned by your will!
The spiny frog stings you!
* * * LOW HITPOINT WARNING * * *
The spiny frog stings you.
You die...

##.#.# ###...#P# ##...##
##.#### ### #...#.# ### #
##P# ####..### ##
###..####.##..## #P
#.............P# #P
####.##.#.#...### ##
#########..P.# # ###...@F## #
#P.....F>## ## ###.........##
#. ##............# ### ##
##............####.#######
#..............##........##
##.........!.....#.....)....
#P.............P............
##.............##............


You could see a spiny frog and a blink frog (blind).

Vanquished Creatures
  3 two-headed ogres
  A centaur warrior (D:8)
  An unseen horror (D:11)
  Pikel (D:6)
  A deep elf mage (D:12)
  An ugly thing (D:11)
  A black mamba (Lair:1)
  A centaur skeleton (D:11)
  Joseph (D:6)
  A gargoyle (D:10)
  3 spiny frogs
  A komodo dragon (Lair:1)
  5 trolls
  12 blink frogs
  2 hippogriffs
  A wyvern (D:8)
  A shadow (D:11)
  28 yaks
  2 hungry ghosts
  2 steam dragons
  4 porcupines
  2 hell hounds (D:8)
  4 water moccasins
  3 ice beasts
  9 orc warriors
  5 phantoms
  7 centaurs
  9 ogres
  10 wolves
  9 crocodiles
  8 big kobolds
  10 bullfrogs
  A wyvern skeleton (D:8)
  4 scorpions
  23 killer bees
  3 wights (D:7)
  5 crimson imps
  8 howler monkeys
  5 hounds
  6 jellies
  9 orc priests
  3 bullfrog skeletons
  2 iguanas
  Jessica (D:2)
  Natasha (thrice) (D:2)
  11 orc wizards
  12 worker ants
  A hound skeleton (D:6)
  A howler monkey skeleton (D:8)
  2 worker ant zombies
  9 adders
  2 shadow imps
  An adder skeleton (D:8)
  4 worms (D:2)
  3 dart slugs
  9 leopard geckos
  66 orcs
  3 bats
  7 giant cockroaches
  7 goblins
  10 hobgoblins
  7 jackals
  2 ball pythons
  8 frilled lizards
  A jackal skeleton (D:4)
  44 kobolds
  A leopard gecko skeleton (D:4)
  13 rats
446 creatures vanquished.

Vanquished Creatures (others)
  A spiny frog (Lair:2)
  A troll (D:10)
  A yak (Lair:3)
  A slave (D:7)
  A wolf (Lair:2)
  An orc priest (D:7)
  2 fungi (Lair:2)
  2 plants
10 creatures vanquished.

Grand Total: 456 creatures vanquished

Notes
Turn   | Place    | Note
-------+----------+-------------------------------------------
     0 | D:1      | Moloch the Mummy Fighter began the quest for the Orb.
     0 | D:1      | Reached XP level 1. HP: 18/18 MP: 1/1
   169 | D:1      | Reached XP level 2. HP: 24/24 MP: 2/2
   202 | D:1      | Reached skill level 2 in Polearms
   392 | D:2      | Reached XP level 3. HP: 28/29 MP: 3/3
   677 | D:2      | Reached skill level 3 in Polearms
   677 | D:2      | Reached XP level 4. HP: 36/36 MP: 4/4
   820 | D:2      | Noticed Jessica
   834 | D:2      | Killed Jessica
   890 | D:2      | Found a burning altar of Makhleb.
  1041 | D:2      | Noticed Natasha
  1066 | D:2      | Killed Natasha
  1288 | D:2      | Reached XP level 5. HP: 42/42 MP: 5/5
  1371 | D:2      | Reached skill level 4 in Polearms
  1688 | D:2      | Noticed Natasha
  1696 | D:2      | Killed Natasha
  1784 | D:2      | Noticed Natasha
  1897 | D:2      | Killed Natasha
  1918 | D:3      | Reached XP level 6. HP: 39/48 MP: 6/6
  2204 | D:4      | Reached skill level 5 in Polearms
  2695 | D:3      | Reached XP level 7. HP: 18/54 MP: 7/7
  3058 | D:4      | Found a hide-covered altar of Uskayaw.
  3100 | D:4      | Reached skill level 6 in Polearms
  3229 | D:4      | Found a glowing golden altar of the Shining One.
  3469 | D:5      | Entered Level 5 of the Dungeon
  3806 | D:5      | Found Caqoes Igo's Weapon Emporium.
  3888 | D:5      | Found a basalt altar of Yredelemnul.
  3985 | D:6      | Reached skill level 7 in Polearms
  4261 | D:6      | Reached XP level 8. HP: 61/61 MP: 8/8
  4321 | D:5      | Noticed Prince Ribbit
  4475 | D:5      | Reached skill level 8 in Polearms
  5067 | D:6      | Found a glowing silver altar of Zin.
  5070 | D:6      | Found a bloodstained altar of Trog.
  5074 | D:6      | Found a blossoming altar of Fedhas.
  5077 | D:6      | Found a deep blue altar of Sif Muna.
  5104 | D:6      | Reached skill level 5 in Fighting
  5465 | D:6      | Reached skill level 1 in Evocations
  5580 | D:7      | Found a radiant altar of Vehumet.
  5616 | D:7      | Found a staircase to the Ecumenical Temple.
  5641 | Temple   | Entered the Ecumenical Temple
  5647 | Temple   | Became a worshipper of Ru the Awakened
  5833 | D:7      | Noticed Joseph
  5963 | D:8      | Reached XP level 9. HP: 53/68 MP: 11/11
  6130 | D:6      | Killed Joseph
  6130 | D:6      | Reached skill level 5 in Evocations
  6658 | D:7      | Noticed Pikel
  6741 | D:6      | Killed Pikel
  6741 | D:6      | Reached skill level 9 in Polearms
  6796 | D:7      | Found a shadowy altar of Dithmenos.
  7396 | D:8      | Found a staircase to the Lair.
  7461 | D:8      | Reached XP level 10. HP: 48/76 MP: 14/14
  7607 | D:8      | Gained mutation: You cannot study or cast Ice magic. [Ru sacrifice]
  7607 | D:8      | Gained mutation: You cannot study or cast Transmutations magic. [Ru sacrifice]
  7607 | D:8      | Gained mutation: You cannot study or cast Charms magic. [Ru sacrifice]
  7607 | D:8      | Reached * piety under Ru
  7608 | D:8      | Found an ornate altar of the Wu Jian Council.
  7617 | D:8      | Found an ancient bone altar of Kikubaaqudgha.
  7655 | D:8      | Found an opulent altar of Gozag.
  7859 | D:8      | Noticed a centaur warrior
  7870 | D:8      | Killed a centaur warrior
  7870 | D:8      | Reached skill level 10 in Polearms
  8015 | D:8      | Noticed a two-headed ogre
  8073 | D:8      | Killed a two-headed ogre
  8322 | D:8      | Identified the Collected Works on Unholy Rites and Boosts
  8485 | D:8      | Got a fine garnet amulet
  8523 | D:8      | Got an ancient whip {speed}
  8524 | D:8      | Identified the +8 whip "Qougoy" {speed, rElec} (You took it off an orc warrior on level 8 of the Dungeon)
  9576 | D:8      | Reached skill level 11 in Polearms
  9628 | D:8      | Found a roughly hewn altar of Beogh.
  9845 | D:9      | Identified the amulet of Equilibrium {RegenMP *Corrode Int+6} (You took it off an orc on level 8 of the Dungeon)
  9877 | D:9      | Noticed a two-headed ogre
  9888 | D:9      | Killed a two-headed ogre
 10059 | D:9      | Found an iron altar of Okawaru.
 10066 | D:9      | Gained mutation: You are somewhat unskilled. (-1 Apt) [Ru sacrifice]
 10066 | D:9      | Reduced skill Polearms to level 10
 10066 | D:9      | Reduced skill Evocations to level 5
 10066 | D:9      | Reached ** piety under Ru
 10066 | D:9      | Reached *** piety under Ru
 10212 | D:9      | Reached XP level 11. HP: 32/83 MP: 15/15
 10945 | D:10     | Entered Level 10 of the Dungeon
 10988 | D:10     | Noticed a two-headed ogre
 11338 | D:9      | Reached skill level 11 in Polearms
 11590 | D:10     | Killed a two-headed ogre
 11712 | D:10     | Got a pitted spear
 11713 | D:10     | Identified the cursed +0 spear of the Red Skies {flame, rElec rF- rC- MP+9} (You found it on level 10 of the Dungeon)
 13303 | D:11     | Reached skill level 12 in Polearms
 13461 | D:11     | Noticed a cyan ugly thing
 13470 | D:11     | Gained mutation: You cannot read scrolls while threatened. [Ru sacrifice]
 13470 | D:11     | Reached **** piety under Ru
 13494 | D:11     | Killed a cyan ugly thing
 15016 | D:11     | Noticed an unseen horror
 15034 | D:11     | Killed an unseen horror
 15173 | D:11     | Reached XP level 12. HP: 89/91 MP: 16/16
 15974 | Lair:1   | Entered Level 1 of the Lair of Beasts
 16699 | Lair:1   | Reached skill level 13 in Polearms
 18533 | Lair:2   | Found a staircase to the Shoals.
 20673 | Lair:2   | HP: 1/95 [spiny frog (14)]
 20673 | Lair:2   | Slain by a spiny frog

Vault maps used:
D:1:      eino_arrival_cavern_e, supply_closet_lemuel
D:2:      lemuel_doored_altar, minmay_rat_gold_closets, uniq_natasha,
          uniq_jessica
D:3:      minmay_misc_feat_cross
D:4:      eat_drink_and_be_merry_uskayaw, nicolae_tso_carved_into_rock
D:5:      cheibrodos_thug_alley, kennysheep_mini, serial_shops, shop,
          first_bread, uniq_prince_ribbit1
D:6:      minitemple
D:7:      old_standard_altar, grunt_dithmenos_shadows,
          minmay_temple_entry_butterflies, uniq_pikel, uniq_joseph
D:8:      minmay_the_grid_octo_2x2, lemuel_crystal_altar, lemuel_round_altar,
          overflow_temple_1_default, minmay_lair_entry_lava, special_room
D:9:      grunt_ogre_cave, okawaru_metal_pillars_3
D:12:     orc_0_dummy, st_stairs_11
Temple:   chequers_temple_sunken
Lair:2:   shoals_dummy_entry
Lair:3:   beast_lair_carwin_large_4

Skill      XL: |  1  2  3  4  5  6  7  8  9 10 11 12 |
---------------+-------------------------------------+-----
Polearms       | 2 3 4 5 7 8 9 10 12 13 | 13.7
Fighting       | 4 5 6 7 9 |  9.2
Evocations     | 3 6 5 |  5.7
Armour         | |  2.1
Shields        | |  2.1

Action                   |  1- 3 |  4- 6 |  7- 9 | 10-12 || total
-------------------------+-------+-------+-------+-------++-------
Melee: Trident           |   112 |   223 |   616 |  2101 ||  3052
Throw: Tomahawk          |       |     4 |     2 |       ||     6
Invok: Sacrifice Arcana  |       |       |       |     1 ||     1
       Sacrifice Skill   |       |       |       |     1 ||     1
       Sacrifice Words   |       |       |       |     1 ||     1
       Reject Sacrifices |       |       |       |     1 ||     1
Evoke: Wand              |       |       |    12 |    14 ||    26
  Use: Scroll            |       |       |     7 |     4 ||    11
 Stab: Paralysed         |       |       |    24 |    38 ||    62
       Distracted        |       |       |       |     5 ||     5
       Invisible         |       |       |       |     2 ||     2
Armor: Scale mail        |    30 |    52 |     9 |       ||    91
       Plate armour      |       |       |   240 |   380 ||   620
       Ring mail         |       |       |     8 |       ||     8
       Chain mail        |       |       |       |   368 ||   368
Dodge: Dodged            |    22 |    45 |    61 |   223 ||   351
Block: Shield            |    35 |    79 |   197 |   585 ||   896

Table legend:
 A = Spawn XP
 B = Non-spawn XP
 C = Spawn XP percentage of total XP
 D = Spawn monster count
 E = Non-spawn monster count
 F = Spawn count percentage of total count
 G = Total turns spent on level
                    A         B        C        D         E        F      G
               +---------+---------+-------+---------+---------+-------+---------
         Total |    9163 |   26713 |  25.5 |      70 |     380 |  15.6 | 20673
               +---------+---------+-------+---------+---------+-------+---------
           D:1 |       2 |      33 |   5.7 |       1 |      18 |   5.3 |   442
           D:2 |       1 |     310 |   0.3 |       1 |      34 |   2.9 |  1304
           D:3 |       2 |     298 |   0.7 |       1 |      27 |   3.6 |   974
           D:4 |     129 |     173 |  42.7 |       1 |      16 |   5.9 |   749
           D:5 |      78 |     457 |  14.6 |       2 |      24 |   7.7 |   885
           D:6 |     223 |    2043 |   9.8 |       6 |      20 |  23.1 |  1335
           D:7 |     311 |    1121 |  21.7 |       3 |      28 |   9.7 |  1978
           D:8 |      63 |    4216 |   1.5 |       3 |      58 |   4.9 |  2092
           D:9 |    1740 |    1059 |  62.2 |      14 |      15 |  48.3 |  1702
          D:10 |     814 |    3249 |  20.0 |       4 |      29 |  12.1 |  1978
          D:11 |    2629 |    3550 |  42.5 |      18 |      52 |  25.7 |  2472
          D:12 |       0 |     675 |   0.0 |       0 |       2 |   0.0 |    50
        Lair:1 |    1179 |    4006 |  22.7 |       5 |      21 |  19.2 |  1731
        Lair:2 |    1798 |    3346 |  35.0 |      10 |      19 |  34.5 |  2319
        Lair:3 |     194 |    2177 |   8.2 |       1 |      17 |   5.6 |   649
               +---------+---------+-------+---------+---------+-------+---------
